AoeStats
← SoltiL

MegaRandom

510638298Analyzed
3v3 RM · 2d ago on Oct 1, 2026· 46m 55s· 6 players
Game mode
Random Map
Map size
Normal (6 player)
Population
200
Speed
Normal
Resources
Standard
Victory
Conquest
Starting age
Dark Age
Ending age
Imperial Age
RankedLock teamsTeams togetherTeam positionsShared explorationLock speedFull tech treeHidden civsTurbo modeCheats
Victory
Defeat
🇨🇦 Varangians · Canada
873
+16
🇨🇱 Khmer · Chile
844
+17
🇭🇺 Bulgarians · Hungary
818
+19
🇦🇷 Chinese · Argentina
891
-18
🇦🇷 Teutons · Argentina
866
-17
🇦🇷 Franks · Argentina
857
-17
SoltiL
11:31 Feudal Age
12:49 Loom
28:10 Castle Age
28:17 Double-Bit Axe
28:15 Horse Collar
34:15 Wheelbarrow
36:46 Forging
38:37 Iron Casting
40:32 Heavy Plow
40:44 Bow Saw
41:00 Hand Cart
41:58 Scale Barding Armor
45:44 Imperial Age
43:39 Chain Barding Armor
Bossman 9
9:03 Loom
11:15 Feudal Age
15:37 Castle Age
32:55 Imperial Age
35:28 Elite Skirmisher
41:09 Light Cavalry
42:00 Bloodlines
41:51 Husbandry
44:24 Conscription
45:09 Ballistics
45:49 Chemistry
Searam
2:19 Loom
14:30 Feudal Age
14:45 Man-at-Arms
16:35 Arson
20:55 Wheelbarrow
21:07 Double-Bit Axe
21:43 Bloodlines
29:42 Castle Age
31:34 Bow Saw
36:40 Forging
38:32 Hand Cart
42:00 Vendel Legacy
isaiasQ0
11:09 Feudal Age
11:42 Man-at-Arms
19:45 Horse Collar
19:53 Double-Bit Axe
21:54 Fletching
25:04 Castle Age
25:40 Gold Mining
25:41 Stone Mining
26:51 Crossbowman
27:37 Thumb Ring
27:42 Bodkin Arrow
34:24 Heated Shot
45:24 Imperial Age
44:31 Pikeman
Flokeano
2:56 Loom
12:51 Feudal Age
17:23 Forging
19:03 Scale Barding Armor
26:47 Double-Bit Axe
42:48 Castle Age
MayMook
4:09 Loom
14:07 Feudal Age
14:18 Man-at-Arms
15:03 Gold Mining
19:20 Horse Collar
20:17 Arson
22:33 Forging
24:08 Padded Archer Armor
24:11 Scale Mail Armor
30:44 Castle Age
31:40 Long Swordsman
32:24 Heavy Plow
34:27 Pikeman
35:43 Gambesons
Connection lost

Rejoining the realm…

Still unreachable

The connection could not be restored.

Session expired

The server has moved on; the page needs a fresh start.